 Dungeon Crawl Stone Soup version 0.31.0-11-ge490571c62 (webtiles) character file.

Game seed: 15569455920331208881

249667 Scrimshaw the Black Belt (level 19, -1/110 HPs)
             Began as an Octopode Shapeshifter on Jan 28, 2024.
             Was an Initiate of Gozag.
             Killed from afar by a deep elf zephyrmancer (38 damage)
             ... with a bolt of lightning
             ... on level 2 of the Elven Halls on Jan 31, 2024.
             The game lasted 05:17:17 (41585 turns).

Scrimshaw the Black Belt (Octopode Shapeshifter)   Turns: 41585, Time: 05:17:18

Health: -1/110     AC: 14    Str: 25    XL:     19   Next: 60%
Magic:  21/21      EV: 25    Int: 26    God:    Gozag
Gold:   2413       SH: 27    Dex: 21    Spells: 13/21 levels left

rFire   + +          +
                       - Unarmed
rCold   + + .        f - +0 tower shield {AC+3}
rNeg    + + +        K - +2 hat
rPois   +            R - amulet of Cuplong {Reflect ^Fragile Fly rPois rN++ SH+5}
rElec   .            m - +4 ring of protection
rCorr   +            a - ring of see invisible
SInv    +            X - ring of the Middle {rN+ Will+ EV+5}
Will    +++..        i - ring of Paerayne {Wiz rF+ rC++ Int+3 Stlth-}
Stlth   ++++         h - ring "Ifosk" {+Blink rF+ AC+4 Str+4}
HPRegen 0.00/turn    j - ring "Bugh" {Str+6 Dex+3}
MPRegen 0.17/turn    n - ring of the Ferocious God {rF+ Will+ rCorr Int+6 Dex+2}
                     c - ring "Hyorch" {Wiz *Slow Int+3 Slay+4}

%: slow self (1%), reflection, wizardry (x2)
@: maw-form, gold aura, flying, inhibited regen
A: devouring maw, almost no armour, amphibious, 8 rings, camouflage 1,
gelatinous body 1, (nimble swimmer 1), tentacles, inhibited regeneration
}: 2/15 runes: serpentine, barnacled
a: Begin Untransformation, Renounce Religion, Evoke Blink, Potion Petition, Call
Merchant, Bribe Branch


You were on level 2 of the Elven Halls.
You worshipped Gozag.
Gozag was most pleased with you.
You were a creature with a mouth for a stomach.
You visited 7 branches of the dungeon, and saw 33 of its levels.
You visited 2 bazaars.
You also visited: Sewer, Bailey, Gauntlet and Ice Cave.

You collected 15133 gold pieces.
You spent 8844 gold pieces at shops.
You paid 3876 gold pieces to Gozag.

Inventory:

Missiles
 b - 5 atropa-tipped darts
 B - 3 datura-tipped darts
 F - 7 javelins (quivered)
 W - 3 throwing nets
Armour
 f - a +0 tower shield of protection (worn)
 K - a +2 hat (worn)
Jewellery
 a - a ring of see invisible (right tentacle)
 c - the ring "Hyorch" (on tentacle) {Wiz *Slow Int+3 Slay+4}
   (You bought it in a shop in a bazaar)

   [ring of wizardry]

   Wiz:       It improves your spell success rate.
   Int+3:     It affects your intelligence (+3).
   Slay+4:    It affects your accuracy & damage with ranged weapons and melee
   (+4).
   *Slow:     It may slow you when you take damage.
 h - the ring "Ifosk" (on tentacle) {+Blink rF+ AC+4 Str+4}
   (You bought it in a shop on level 2 of the Orcish Mines)

   [ring of protection]

   AC+4:      It affects your AC (+4).
   Str+4:     It affects your strength (+4).
   rF+:       It protects you from fire.
   +Blink:    It lets you blink.
 i - the ring of Paerayne (on tentacle) {Wiz rF+ rC++ Int+3 Stlth-}
   (You bought it in a shop on level 3 of the Snake Pit)

   [ring of wizardry]

   Wiz:       It improves your spell success rate.
   Int+3:     It affects your intelligence (+3).
   rF+:       It protects you from fire.
   rC++:      It greatly protects you from cold.
   Stlth-:    It makes you less stealthy.
 j - the ring "Bugh" (on tentacle) {Str+6 Dex+3}
   (You bought it in a shop on level 9 of the Dungeon)

   [ring of strength]

   Str+6:     It affects your strength (+6).
   Dex+3:     It affects your dexterity (+3).
 m - a +4 ring of protection (left tentacle)
 n - the ring of the Ferocious God (on tentacle) {rF+ Will+ rCorr Int+6 Dex+2}
   (You acquired it in an ice cave)

   [ring of intelligence]

   Int+6:     It affects your intelligence (+6).
   Dex+2:     It affects your dexterity (+2).
   rF+:       It protects you from fire.
   Will+:     It increases your willpower.
   rCorr:     It protects you from acid and corrosion.
 R - the amulet of Cuplong (around mantle) {Reflect ^Fragile Fly rPois rN++ SH+5}
   (You took it off a naga ritualist on level 3 of the Snake Pit)

   [amulet of reflection]

   Reflect:   It reflects blocked missile attacks.
   rPois:     It protects you from poison rN++: It greatly protects you from
   negative energy.
   Fly:       It grants you flight.
   ^Fragile:  It will be destroyed if unequipped.
   SH+5:      It affects your SH (+5).
 X - the ring of the Middle (on tentacle) {rN+ Will+ EV+5}
   (You bought it in a shop on level 4 of the Shoals)

   [ring of evasion]

   EV+5:      It affects your evasion (+5).
   rN+:       It protects you from negative energy.
   Will+:     It increases your willpower.
Talismans
 Y - a maw talisman (active)
Wands
 t - a wand of flame (37)
 z - a wand of quicksilver (15)
 E - a wand of mindburst (9)
 S - a wand of roots (27)
Scrolls
 p - 3 scrolls of revelation
 s - a scroll of butterflies
 y - 3 scrolls of fog
 A - 8 scrolls of teleportation
 N - 3 scrolls of poison
 O - 2 scrolls of blinking
 P - a scroll of immolation
 Q - 4 scrolls of silence
 U - 3 scrolls of fear
Potions
 d - 6 potions of haste
 e - a potion of berserk rage
 g - 5 potions of might
 o - 2 potions of resistance
 r - 4 potions of heal wounds
 u - 2 potions of enlightenment
 w - a potion of ambrosia
 x - 11 potions of curing
 D - 2 potions of invisibility
 I - 5 potions of magic
 M - 4 potions of cancellation
 V - 5 potions of brilliance
Miscellaneous
 k - a phial of floods
 l - a lightning rod (4/4)
 q - a condenser vane
 G - a phantom mirror


   Skills:
 + Level 4.1 Fighting
 + Level 12.1 Throwing
 + Level 11.2 Dodging
 - Level 9.0 Stealth
 + Level 17.1 Shields
 + Level 20.1 Unarmed Combat
 + Level 1.7 Spellcasting
 + Level 1.2 Conjurations
 + Level 0.2 Translocations
 + Level 0.3 Alchemy
 + Level 4.0 Evocations
 * Level 16.2 Shapeshifting


You had 13 spell levels left.
You knew the following spells:

 Your Spells              Type           Power      Damage    Failure   Level
a - Apportation           Tloc           6%         N/A       5%          1
b - Sting                 Conj/Alch      24%        1d4       4%          1
c - Mephitic Cloud        Conj/Alch/Air  5%         N/A       13%         3
d - Confusing Touch       Hex            2%         N/A       17%         3

Your spell library contained the following spells:

 Spells                   Type           Power      Damage    Failure   Level
 Kiss of Death            Conj/Necr      20%        2d7       4%          1
 Shock                    Conj/Air       20%        1d4       4%          1
 Freeze                   Ice            8%         1d3       6%          1
 Necrotise                Necr           8%         1d4       6%          1
 Summon Small Mammal      Summ           8%         N/A       6%          1
 Static Discharge         Conj/Air       10%        3-4/arc   7%          2
 Cigotuvi's Dreadful Rot  Necr/Alch/Air  4%         N/A       9%          2
 Mercury Vapours          Alch/Air       6%         N/A       9%          2
 Scorch                   Fire           4%         2d5       9%          2
 Dazzling Flash           Conj/Hex       10%        N/A       13%         3
 Hailstorm                Conj/Ice       5%         3d5       13%         3
 Volatile Blastmotes      Fire/Tloc      6%         2d10      16%         3
 Frozen Ramparts          Ice            4%         1d1       17%         3
 Inner Flame              Hex/Fire       2%         N/A       17%         3
 Swiftness                Air            2%         N/A       17%         3
 Fulminant Prism          Conj/Alch      3%         3d5       36%         4
 Flame Wave               Conj/Fire      5%         2d5       38%         4
 Passage of Golubria      Tloc           3%         N/A       41%         4
 Ignite Poison            Fire/Alch      3%         N/A       43%         4
 Leda's Liquefaction      Alch/Erth      1%         N/A       43%         4
 Sticky Flame             Fire/Alch      3%         2d4       43%         4
 Airstrike                Air            1%         2d(1-17)  45%         4
 Dispel Undead            Necr           2%         3d7       45%         4
 Martyr's Knell           Necr/Summ      2%         N/A       45%         4
 Freezing Cloud           Conj/Ice/Air   2%         6-21      73%         5
 Lee's Rapid Deconstruct  Erth           1%         3d4*      78%         5
 Silence                  Hex/Air        1%         N/A       78%         5
 Bombard                  Conj/Erth      2%         9d1       99%         6
 Death Channel            Necr           1%         N/A       99%         6
 Starburst                Conj/Fire      2%         6d3       99%         6
 Summon Cactus Giant      Summ           1%         N/A       99%         6
 Ignition                 Fire           1%         3d3       100%        8
 Lehudib's Crystal Spear  Conj/Erth      2%         10d2      100%        8
 Maxwell's Capacitive Co  Air            1%         ∞         100%        8
 Chain Lightning          Conj/Air       2%         3d3       100%        9


Dungeon Overview and Level Annotations

Branches:
Dungeon (15/15)            Temple (1/1) D:4            Lair (5/5) D:8
 Shoals (4/4) Lair:2        Snake (4/4) Lair:3        Slime (0/5) Lair:5
    Orc (2/2) D:9             Elf (2/3) Orc:2        Vaults (0/5) D:13
 Depths (0/4) D:15          Sewer (visited)          Bailey (visited)
  IceCv (visited)         Gauntlet (visited)

Altars:
Ashenzari
Cheibriados
Dithmenos
Elyvilon
Fedhas
Gozag
Hepliaklqana
Kikubaaqudgha
Makhleb
Nemelex Xobeh
Okawaru
Qazlal
Ru
Sif Muna
Trog
Uskayaw
Vehumet
Wu Jian
Xom
Yredelemnul
Zin
The Shining One

Shops:
D:2 *:(*   D:7 [   D:9 :=**=   D:12 (:[   Orc:2 =(*[   Elf:1 :**(!   Shoals:1 !
Shoals:2 [   Shoals:4 =?::=   Snake:2 *:   Snake:3 :==   Snake:4 ![[

Annotations:
Temple 2 transporters


Innate Abilities, Weirdness & Mutations

You are a creature with a mouth for a stomach.
Your midsection houses a second, enormous mouth.
You cannot wear most types of armour.
You are amphibious.
You can wear up to eight rings at the same time.
Your skin changes colour to match your surroundings (Stealth+).
Your rubbery body absorbs attacks. (AC +1, EV +1)
((You are camouflaged when in or above water. (Stealth+)))
You have tentacles for arms and can constrict up to eight enemies at once.
You do not regenerate when monsters are visible.


Message History

You block the +1 halberd of venom's attack.
You bludgeon the fire elemental! You squeeze the fire elemental!
You bite the fire elemental.
You destroy the fire elemental!
The +3 dire flail of draining is engulfed in blazing flames.
You block the +1 halberd of venom's attack.
You barely miss the +1 halberd of venom.
You grab the +1 halberd of venom.
Your squeeze misses the +1 halberd of venom.
Your bite misses the +1 halberd of venom.
The +1 halberd of venom is moderately damaged.
You constrict the +1 halberd of venom.
You block the +1 mace of holy wrath's attack.
The +3 dire flail of draining closely misses you.
A deep elf zephyrmancer comes into view.
It is wielding a +0 short sword.
A deep elf archer comes into view. It is wielding a +0 short sword.
The deep elf archer mumbles some strange words.
The deep elf archer blinks!
You block the +1 mace of holy wrath's attack.
You barely miss the +1 halberd of venom.
The deep elf archer shouts!
The deep elf zephyrmancer shouts!
You squeeze the +1 halberd of venom!
Your bite misses the +1 halberd of venom.
The +1 halberd of venom is almost destroyed.
You constrict the +1 halberd of venom, but do no damage.
The deep elf zephyrmancer is no longer distracted by gold.
The +3 dire flail of draining hits you!!
The +1 halberd of venom hits you!!
You block the +1 mace of holy wrath's attack.
You tentacle-slap the +1 halberd of venom.
The +1 halberd of venom turns to gold and falls from the air.
You block the +3 dire flail of draining's attack.
The +1 mace of holy wrath hits you.
You block the +3 dire flail of draining's attack.
The deep elf zephyrmancer points at you and mumbles some strange words.
The bolt of lightning hits the +3 dire flail of draining.
The +3 dire flail of draining completely resists.
The bolt of lightning hits you!!!
You die...
Your body crumbles into a pile of gold.

#..# #..#.....
#..# #..#..###
#..# #..#..#
#..# #..#..+
#..# #..#..#
#..# +..#..#
#..# #... #..#
#W.#
......($(......
...............
....$..........
...............
...........e...
..ee..[...[e...
...............


You could see 2 deep elf archers, 2 deep elf zephyrmancers and 2 dancing
weapons.

Vanquished Creatures
  Jorgrun (D:15)
  Gastronok (Lair:2)
  2 krakens (Shoals:4)
  Donald (Orc:2)
  5 nagarajas
  Aizul (Snake:1)
  A frost giant (IceCv)
  The ghost of Zeo the Marksminotaur, a journeyman MiHu of Hepliaklqana (Lair:5)
  An orc warlord (Orc:2)
  Azrael (D:12)
  2 minotaurs
  Josephine (Orc:1)
  5 merfolk javelineers
  A fire dragon (D:15)
  The ghost of Flakmanz the Fighter, a journeyman MiAr of Okawaru (D:11)
  6 merfolk impalers
  9 hydras
  An ice dragon (D:15)
  2 deep elf high priests
  3 salamander tyrants
  3 merfolk avatars
  5 centaur warriors
  A catoblepas (Lair:5)
  The ghost of Laqueoixx the Martial Artist, a journeyman OpSh of Ashenzari (D:10)
  Erica (D:8)
  3 boulder beetles
  A death knight (D:15)
  4 two-headed ogres
  The ghost of Buchaag the Cleaver, a novice MiMo of Makhleb (D:13)
  3 satyrs
  8 anacondas
  12 naga warriors
  5 merfolk aquamancers
  A deep troll shaman (Lair:5)
  10 death yaks
  2 tengu warriors
  A bunyip (shapeshifter) (Orc:2)
  3 dancing weapons
  Urug (D:13)
  17 naga sharpshooters
  7 shock serpents
  2 orc high priests (Orc:2)
  5 deep elf knights
  Sonja (Lair:4)
  Nergalle (Orc:1)
  7 skysharks
  17 sea snakes
  7 salamander mystics
  An arcanist (Gauntlet)
  10 mana vipers
  2 obsidian statues
  2 deep elf archers (Elf:1)
  A kraken simulacrum (Shoals:4)
  10 naga ritualists
  A lindwurm (Lair:5)
  10 deep elf pyromancers
  A phantasmal warrior (D:15)
  9 deep elf zephyrmancers
  5 orc sorcerers (Orc:2)
  8 harpies
  2 ugly things
  6 cyclopes
  10 manticores
  12 salamanders
  7 fauns (Shoals:3)
  4 orc knights
  43 black mambas
  10 merfolk sirens
  A meliai (D:10)
  A guardian serpent (Snake:4)
  24 elephants
  2 rust devils
  An ice statue (IceCv)
  4 water nymphs
  24 naga magi
  3 gargoyles
  15 cane toads
  2 freezing wraiths (D:15)
  Jeremiah (D:9)
  An efreet (D:14)
  A kobold demonologist (D:10)
  Psyche (D:9)
  5 rime drakes
  14 komodo dragons
  A tengu conjurer (D:14)
  7 trolls
  22 merfolk
  5 wind drakes
  A hornet (D:9)
  18 dream sheep
  12 blink frogs
  16 polar bears
  A raiju (Orc:2)
  10 snapping turtles
  2 slime creatures (D:12)
  14 water elementals
  2 centaur simulacra (D:11)
  4 shadows
  A vampire (D:13)
  12 wraiths
  82 yaks
  2 wyverns
  A neqoxec (Gauntlet)
  2 basilisks
  3 wargs
  A hog (D:12)
  5 fire elementals
  A steam dragon (D:7)
  Edmund (D:6)
  A chaos spawn (Gauntlet)
  38 nagas
  21 water moccasins
  3 acid dragons
  2 hell hounds (D:12)
  42 orc warriors
  2 black bears
  6 ice beasts
  A laughing skull (D:13)
  2 sky beasts
  30 wolves
  A centaur (shapeshifter) (D:15)
  3 ogres
  3 boggarts (D:15)
  13 centaurs
  5 phantoms
  9 kobold brigands
  14 bullfrogs
  2 gnoll sergeants
  2 earth elementals
  3 scorpions
  10 wights (D:8)
  A troll zombie (D:9)
  14 killer bees
  4 howler monkeys
  3 electric eels
  A centaur zombie (D:8)
  26 orc priests
  5 hounds
  2 jellies
  Crazy Yiuf (D:6)
  A gnoll bouda (D:8)
  A sleepcap (D:7)
  6 iguanas
  26 orc wizards
  3 killer bee zombies (D:8)
  7 ogre zombies (D:9)
  3 howler monkey zombies (D:8)
  9 gnolls
  A river rat (D:4)
  8 adders
  2 shadow imps
  21 white imps
  4 ufetubi
  14 dart slugs
  68 orcs
  9 ball pythons
  12 endoplasms
  13 giant cockroaches
  8 goblins
  9 hobgoblins
  3 jackals (D:5)
  25 kobolds
  9 quokkas
  5 bats
  21 frilled lizards
  A gnoll skeleton (D:9)
  4 gnoll zombies (D:9)
  An orc skeleton (D:9)
  19 orc zombies (D:9)
  4 rats
  8 tentacles (Shoals:4)
1251 creatures vanquished.

Vanquished Creatures (collateral kills)
  Joseph (D:8)
1 creature vanquished.

Vanquished Creatures (others)
  Nessos (D:14)
  A naga warrior (Snake:4)
  A deep elf zephyrmancer (Elf:1)
  A killer bee (D:9)
  An orc wizard (Orc:2)
  An orc (Orc:2)
  26 tentacles (Shoals:4)
32 creatures vanquished.

Grand Total: 1284 creatures vanquished

Notes
Turn   | Place    | Note
-------+----------+-------------------------------------------
     0 | D:1      | Scrimshaw the Octopode Shapeshifter began the quest for the
                  | Orb.
     0 | D:1      | Reached XP level 1. HP: 13/13 MP: 1/1
   231 | D:1      | Reached XP level 2. HP: 18/18 MP: 2/2
   772 | D:2      | Reached XP level 3. HP: 17/23 MP: 3/3
   906 | D:2      | Found Cefetaarch's Vocational Training.
   961 | D:2      | Found Zenolodgh's General Store.
   981 | D:2      | Bought a scroll of identify for 28 gold pieces
   981 | D:2      | Bought 5 poisoned darts for 42 gold pieces
   981 | D:2      | Bought a scroll of identify for 28 gold pieces
  1078 | D:2      | Found Awninac's General Store.
  1099 | D:2      | Found a sacrificial altar of Ru.
  1266 | D:2      | Learned a level 1 spell: Apportation
  1268 | D:2      | Learned a level 1 spell: Sting
  1320 | D:2      | Found Cucsuhoc's Weapon Shop.
  1428 | D:3      | Reached skill level 4 in Unarmed Combat
  1486 | D:3      | Reached skill level 1 in Stealth
  1525 | D:3      | Reached XP level 4. HP: 28/28 MP: 4/4
  1605 | D:3      | Found a stormy altar of Qazlal.
  1729 | D:3      | Reached skill level 1 in Shields
  2173 | D:4      | Reached XP level 5. HP: 20/33 MP: 5/5
  2248 | D:4      | Noticed an ogre
  2263 | D:4      | Killed an ogre
  2352 | D:4      | Reached XP level 6. HP: 11/38 MP: 6/6
  2499 | D:4      | Reached skill level 5 in Unarmed Combat
  2516 | D:4      | Found a staircase to the Ecumenical Temple.
  2574 | D:4      | Found a glowing drain.
  2578 | Sewer    | Entered a sewer
  2642 | Sewer    | Reached skill level 1 in Throwing
  2642 | Sewer    | Reached XP level 7. HP: 21/43 MP: 7/7
  3604 | D:5      | Entered Level 5 of the Dungeon
  3824 | D:5      | Found an ancient bone altar of Kikubaaqudgha.
  3858 | D:5      | Reached XP level 8. HP: 48/48 MP: 8/8
  3929 | D:5      | Reached skill level 6 in Unarmed Combat
  3995 | D:5      | Reached skill level 5 in Stealth
  4716 | D:6      | Reached skill level 5 in Shapeshifting
  4950 | D:6      | Noticed Edmund
  4954 | D:6      | Killed Edmund
  5164 | D:6      | Found a runed translucent door.
  5166 | D:6      | Noticed Crazy Yiuf
  5174 | D:6      | Killed Crazy Yiuf
  5428 | Temple   | Found a transporter.
  5428 | Temple   | Found a transporter.
  5428 | Temple   | Found a transporter.
  5428 | Temple   | Found a transporter.
  5428 | Temple   | Entered the Ecumenical Temple
  5443 | Temple   | Became a worshipper of Gozag Ym Sagoz the Greedy
  5598 | D:7      | Reached XP level 9. HP: 51/54 MP: 9/9
  6204 | D:7      | Reached skill level 7 in Unarmed Combat
  6230 | D:7      | Reached skill level 5 in Shields
  6455 | D:7      | Found Xitredul's Antique Armour Emporium.
  6947 | D:8      | Reached skill level 1 in Evocations
  6979 | D:8      | Identified the +4 scale mail of Oblivion {^Drain rCorr
                  | Int+5 Stlth+}
  7093 | D:8      | Found a flagged portal.
  7105 | Bailey   | Entered a bailey
  7131 | Bailey   | Reached skill level 8 in Unarmed Combat
  7243 | Bailey   | Reached XP level 10. HP: 55/61 MP: 8/10
  7326 | Bailey   | Identified the +5 hand axe "Pupyim" {flame, rF+}
  7354 | Bailey   | Found a bloodstained altar of Trog.
  7406 | D:8      | Found a staircase to the Lair.
  7473 | D:8      | Noticed a two-headed ogre
  7474 | D:8      | Noticed Joseph
  7489 | D:8      | Killed a two-headed ogre
  7494 | D:8      | Killed Joseph
  7495 | D:8      | Reached skill level 9 in Unarmed Combat
  7669 | D:8      | Reached skill level 5 in Dodging
  7903 | D:8      | Reached skill level 5 in Throwing
  8540 | D:9      | Noticed Jeremiah
  8544 | D:9      | Killed Jeremiah
  8549 | D:9      | Identified the ring of Wiymad {^Contam rF+++ Will- Dex+6}
  8625 | D:9      | Reached XP level 11. HP: 63/66 MP: 9/11
  8825 | D:9      | Found a staircase to the Orcish Mines.
  9049 | D:9      | Noticed Psyche
  9286 | D:9      | Killed Psyche
  9678 | D:9      | Reached skill level 10 in Unarmed Combat
  9708 | D:8      | Noticed Erica
  9719 | D:8      | Killed Erica
 10123 | Orc:1    | Entered Level 1 of the Orcish Mines
 10132 | Orc:1    | Noticed Josephine
 10150 | Orc:1    | Killed Josephine
 10436 | Orc:2    | Entered Level 2 of the Orcish Mines
 10500 | Orc:2    | Noticed an orc sorcerer
 10506 | Orc:2    | Paralysed by an orc sorcerer for 2 turns
 10511 | Orc:2    | Noticed a sixfirhy
 10511 | Orc:2    | Killed an orc sorcerer
 10824 | Orc:2    | Noticed Donald
 10839 | Orc:2    | HP: 2/67 [Donald/+2 broad axe of venom (18)]
 11118 | Orc:2    | Killed Donald
 11119 | Orc:2    | Reached skill level 11 in Unarmed Combat
 11119 | Orc:2    | Reached XP level 12. HP: 53/72 MP: 6/12
 11285 | Orc:2    | Found a staircase to the Elven Halls.
 11844 | Orc:2    | Paralysed by an orc sorcerer for 4 turns
 12091 | Orc:2    | Noticed an orc high priest
 12337 | Orc:2    | Noticed an orc high priest
 12346 | Orc:2    | Killed an orc high priest
 12357 | Orc:2    | an orc high priest changed into a glowing shapeshifter
 12366 | Orc:2    | a sea snake changed into a bunyip
 12366 | Orc:2    | Noticed a bunyip (glowing shapeshifter)
 12372 | Orc:2    | Killed a bunyip
 12826 | Orc:2    | Gained mutation: You do not regenerate when monsters are
                  | visible. [a neqoxec]
 13152 | Orc:2    | Noticed an orc high priest
 13166 | Orc:2    | Killed an orc high priest
 13249 | Orc:2    | Found Seh Buog's General Store.
 13250 | Orc:2    | Found Voalaasm's Jewellery Shoppe.
 13252 | Orc:2    | Found Keciemytz's Antique Armour Emporium.
 13252 | Orc:2    | Found Anubo's Antique Weapon Emporium.
 13258 | Orc:2    | Bought the ring "Ifosk" {+Blink rF+ AC+4 Str+4} for 915
                  | gold pieces
 13258 | Orc:2    | Bought the amulet of Naem {Reflect rElec SH+5} for 616 gold
                  | pieces
 13433 | Orc:2    | Noticed an orc warlord
 13453 | Orc:2    | Killed an orc warlord
 13753 | Orc:2    | Reached skill level 12 in Unarmed Combat
 13817 | Orc:1    | Reached XP level 13. HP: 20/78 MP: 13/13
 14148 | Orc:1    | Noticed Nergalle
 14158 | Orc:1    | Killed Nergalle
 14252 | Orc:1    | Noticed an ettin
 14256 | Orc:1    | an ettin changed into an elephant
 14353 | D:9      | Bought the ring "Bugh" {Str+6 Dex+3} for 936 gold pieces
 14376 | D:10     | Entered Level 10 of the Dungeon
 14496 | D:10     | You fall into a shaft and drop 3 floors!
 14619 | D:11     | Identified 2 scrolls of acquirement
 14619 | D:11     | Acquired 829 gold pieces
 14623 | D:11     | Found a frozen archway.
 14685 | IceCv    | Entered an ice cave
 15094 | IceCv    | Acquired the ring of the Ferocious God {rF+ Will+ rCorr
                  | Int+6 Dex+2}
 15220 | IceCv    | Reached skill level 10 in Shapeshifting
 15226 | IceCv    | Reached skill level 10 in Throwing
 15456 | IceCv    | Noticed a frost giant
 15472 | IceCv    | Reached skill level 13 in Unarmed Combat
 15477 | IceCv    | Killed a frost giant
 15644 | D:10     | Noticed Laqueoixx's ghost (journeyman OpSh)
 15662 | D:10     | Found a transporter.
 15677 | D:10     | Found a transporter.
 15807 | D:10     | Found a burning altar of Makhleb.
 15807 | D:10     | Noticed an Executioner
 16005 | D:10     | Reached XP level 14. HP: 62/84 MP: 14/14
 16013 | D:10     | Killed Laqueoixx's ghost
 16312 | D:11     | Found a runed translucent gate.
 16405 | D:11     | Found a runed translucent gate.
 16405 | D:11     | Found a runed translucent gate.
 16460 | D:11     | Noticed Flakmanz's ghost (journeyman MiAr)
 16471 | D:11     | Killed Flakmanz's ghost
 16534 | D:11     | Got the ring "Cika" {Fire Will++ Dex+3}
 16540 | D:11     | Identified the +1 flail of Lic Nosau {elec, rN++ SInv}
 16923 | D:12     | Found Merinix's Antique Weapon Emporium.
 17148 | D:12     | Found Ryerry's Antique Armour Shoppe.
 17249 | D:12     | Noticed Azrael
 17269 | D:12     | Found Vasidol's Book Shop.
 17285 | D:12     | Killed Azrael
 17495 | D:12     | Bought a manual of Shields for 1200 gold pieces
 17560 | D:12     | Found a gateway to a bazaar.
 17582 | Bazaar   | Entered a bazaar
 17582 | Bazaar   | Found Adiut's Distillery.
 17582 | Bazaar   | Found Beolutis's Antique Weapon Shoppe.
 17582 | Bazaar   | Found Matotile's Jewellery Emporium.
 17584 | Bazaar   | Found Yskiesho's Jewellery Shoppe.
 17592 | Bazaar   | Bought a ring of see invisible for 150 gold pieces
 17601 | Bazaar   | Bought the ring "Hyorch" {Wiz *Slow Int+3 Slay+4} for 981
                  | gold pieces
 17606 | Bazaar   | Learned a level 3 spell: Mephitic Cloud
 17610 | Bazaar   | Learned a level 3 spell: Confusing Touch
 17613 | Bazaar   | Bought 2 potions of heal wounds for 70 gold pieces
 17613 | Bazaar   | Bought a potion of might for 28 gold pieces
 17613 | Bazaar   | Bought a potion of might for 28 gold pieces
 17618 | Bazaar   | Bought a ring of protection from cold for 450 gold pieces
 18007 | Lair:1   | Entered Level 1 of the Lair of Beasts
 18028 | Lair:1   | Reached skill level 14 in Unarmed Combat
 19028 | Lair:2   | Identified the +9 plate armour of Owkial {Slay+3}
 19295 | Lair:2   | Noticed Gastronok
 19306 | Lair:2   | Killed Gastronok
 19504 | Lair:2   | Found a staircase to the Shoals.
 19846 | Lair:3   | Reached XP level 15. HP: 74/89 MP: 15/15
 20035 | Lair:3   | Found a staircase to the Snake Pit.
 20114 | Lair:3   | Reached skill level 10 in Shields
 20888 | Lair:4   | Noticed Sonja
 20893 | Lair:4   | Killed Sonja
 21154 | Lair:4   | Reached skill level 15 in Unarmed Combat
 21612 | Lair:5   | Entered Level 5 of the Lair of Beasts
 21688 | Lair:5   | Found a staircase to the Slime Pits.
 22283 | Lair:5   | Noticed Zeo's ghost (journeyman MiHu)
 22319 | Lair:5   | Reached skill level 1 in Spellcasting
 22435 | Lair:5   | Found a transporter.
 22625 | Lair:5   | Found a transporter.
 22834 | Lair:5   | Reached skill level 1 in Conjurations
 23079 | Lair:5   | Reached XP level 16. HP: 95/95 MP: 16/18
 23270 | Lair:5   | Killed Zeo's ghost
 23292 | Lair:5   | Reached skill level 16 in Unarmed Combat
 23737 | D:9      | Bought a blackened fluorescent wand for 88 gold pieces
 24248 | D:13     | Noticed Urug
 24282 | D:13     | Killed Urug
 24367 | D:13     | Found a runed translucent gate.
 24373 | D:13     | Found a runed translucent gate.
 24373 | D:13     | Found a runed translucent gate.
 24634 | D:13     | Noticed Buchaag's ghost (novice MiMo)
 24656 | D:13     | Killed Buchaag's ghost
 24756 | D:13     | Found a gate to the Vaults.
 24929 | D:14     | Found a flickering gateway to a bazaar.
 24962 | Bazaar   | Entered a bazaar
 24968 | Bazaar   | Found Zuhuoqay's Armour Boutique.
 24974 | Bazaar   | Found Qeffax's Weapon Boutique.
 25003 | Bazaar   | Found Giasev Odae's General Store.
 25008 | Bazaar   | Found Puyh's Antique Weapon Shoppe.
 25011 | Bazaar   | Bought 5 silver javelins for 450 gold pieces
 25011 | Bazaar   | Bought a potion of curing for 30 gold pieces
 25067 | D:14     | Found a gate leading to a gauntlet.
 25076 | Gauntlet | Entered a Gauntlet
 25076 | Gauntlet | Found a transporter.
 25076 | Gauntlet | Found a transporter.
 25076 | Gauntlet | Found a transporter.
 25077 | Gauntlet | Found a transporter.
 25080 | Gauntlet | Found a transporter.
 25080 | Gauntlet | Found a transporter.
 25095 | Gauntlet | Found a transporter.
 25099 | Gauntlet | Found a transporter.
 25108 | Gauntlet | Found a transporter.
 25108 | Gauntlet | Found a transporter.
 25119 | Gauntlet | Found a transporter.
 25233 | Gauntlet | Found a transporter.
 25409 | Gauntlet | Identified the ring "Teushrami" {+Blink rPois rC+ Will+}
 25416 | Gauntlet | Identified the ring of Qahuhij {Wiz rElec rF+ rC- Stlth+}
 25431 | Gauntlet | Identified the amulet "Weviefax" {Harm Will+ Regen+ Int+3
                  | Dex+4}
 25987 | D:14     | Noticed Nessos
 26000 | D:14     | Killed Nessos
 26093 | D:15     | Entered Level 15 of the Dungeon
 26409 | D:15     | Noticed Jorgrun
 26416 | D:15     | Killed Jorgrun
 26781 | D:15     | Found a staircase to the Depths.
 27246 | Shoals:1 | Entered Level 1 of the Shoals
 27519 | Shoals:1 | Found Jugaops's Distillery.
 27866 | Shoals:1 | Reached skill level 17 in Unarmed Combat
 28498 | Shoals:2 | Reached XP level 17. HP: 22/99 MP: 19/19
 28910 | Shoals:2 | Found Nenk's Armour Boutique.
 30698 | Shoals:4 | Entered Level 4 of the Shoals
 30698 | Shoals:4 | Found Gaol's Book Boutique.
 30752 | Shoals:4 | Found Qoanogoxt's Jewellery Emporium.
 30882 | Shoals:4 | Found Buntus's Magic Scroll Emporium.
 30896 | Shoals:4 | Found Haocun's Book Shoppe.
 31145 | Shoals:4 | Reached skill level 18 in Unarmed Combat
 31863 | Shoals:4 | Found Bopraj's Jewellery Shoppe.
 31868 | Shoals:4 | Bought the ring of the Middle {rN+ Will+ EV+5} for 739 gold
                  | pieces
 31903 | Shoals:4 | Noticed a kraken
 31948 | Shoals:4 | Noticed a kraken
 32018 | Shoals:4 | Killed a kraken
 32019 | Shoals:4 | Reached skill level 15 in Shapeshifting
 32331 | Shoals:4 | Got a barnacled rune of Zot
 32338 | Shoals:4 | Reached skill level 10 in Dodging
 32423 | Shoals:4 | Killed a kraken
 32845 | Snake:1  | Entered Level 1 of the Snake Pit
 32973 | Snake:1  | Identified the serpent talisman "Amed" {rC+ SInv}
 32973 | Snake:1  | Noticed Aizul
 32980 | Snake:1  | Killed Aizul
 32981 | Snake:1  | Reached skill level 15 in Shields
 33016 | Snake:1  | Reached XP level 18. HP: 106/106 MP: 20/20
 34029 | Snake:1  | Found a sparkling altar of Nemelex Xobeh.
 34937 | Snake:2  | Found Umicy's Book Emporium.
 34937 | Snake:2  | Found Plog's General Store.
 34945 | Snake:2  | Bought a lightning rod (4/4) for 520 gold pieces
 35315 | Snake:2  | You fall into a shaft and drop 1 floor!
 35465 | Snake:3  | Reached skill level 19 in Unarmed Combat
 36216 | Snake:3  | Identified the amulet of Cuplong {Reflect ^Fragile Fly
                  | rPois rN++ SH+5}
 36621 | Snake:3  | Got the Incunabulum of the Salvo
 36931 | Snake:3  | Found Icio's Book Shoppe.
 36931 | Snake:3  | Found Cymoxyaj's Jewellery Shop.
 36933 | Snake:3  | Found Seus Hem's Jewellery Shop.
 36947 | Snake:3  | Bought the ring of Paerayne {Wiz rF+ rC++ Int+3 Stlth-} for
                  | 730 gold pieces
 37163 | Snake:4  | Entered Level 4 of the Snake Pit
 37280 | Snake:4  | Found Poyclox's Distillery.
 37284 | Snake:4  | Found Rujump's Antique Armour Shoppe.
 37285 | Snake:4  | Found Abefe's Antique Armour Emporium.
 38047 | Snake:4  | Reached XP level 19. HP: 81/110 MP: 21/21
 39153 | Snake:4  | Got a serpentine rune of Zot
 39659 | D:9      | Bought a translucent turquoise ring for 155 gold pieces
 39659 | D:9      | Identified the ring "Zaifoa" {Ice Str+3} (You bought it in
                  | a shop on level 9 of the Dungeon)
 39877 | D:2      | Bought a condenser vane for 560 gold pieces
 40190 | Elf:1    | Entered Level 1 of the Elven Halls
 40227 | Elf:1    | Reached skill level 20 in Unarmed Combat
 40470 | Elf:1    | Found Wyrchaph's Distillery.
 40477 | Elf:1    | Bought a potion of heal wounds for 100 gold pieces
 40659 | Elf:1    | Found Dafaum's Book Boutique.
 40744 | Elf:1    | Found Dev Fyir's General Store.
 40884 | Elf:1    | Found Roej Hao's General Store.
 40914 | Elf:1    | Found Ykhupryq's Antique Weapon Emporium.
 41585 | Elf:2    | Killed from afar by a deep elf zephyrmancer

Illustrated notes

Levels and vault maps discovered:
D:1:      dpeg_arrival_erosion, layout_basic
D:2:      layout_loops_ring, serial_shops, nicolae_lakefront_shop,
          nicolae_shop_gibbet_a_chance, nicolae_shop_advertising_works
          [nicolae_subvault_shop_adworks], basic_altar, nicolae_shop_vocational
D:3:      minmay_angry_zag, layout_basic, nicolae_qazlal_eye_of_the_storm,
          minmay_misc_feat_tower
D:4:      layout_loops_corners, minmay_temple_entry_slanted,
          gup_sewer_entry_bowl, nrook_uturn, nicolae_nh_ransacked_shop
D:5:      layout_basic, lemuel_coloured_pillars_altar, minmay_lizard_king
D:6:      layout_cave_pools, uniq_crazy_yiuf_cottage, uniq_edmund
D:7:      layout_loops_corners, serial_shops, shop_coins, st_stairs_3
D:8:      layout_loops_corners, lair_entry_dummy, enter_bailey_4, serial_undead,
          serial_undead_d, serial_undead_f, serial_undead_d, serial_undead_b,
          serial_bayou_pond_d, minmay_parallelograms, st_stairs_1, uniq_joseph,
          uniq_erica
D:9:      layout_small_grid, zombieorc2_lemuel, uniq_jeremiah, uniq_psyche
D:10:     layout_rooms, makhleb_altar_promises_db, gammafunk_ghost_arena
D:11:     cheibrodos_iron_armory, layout_cave_pools, gammafunk_ghost_icy,
          portal_ice_cave_entry_imps
D:12:     layout_long_grid, serial_shops, statue_bzr, nicolae_shop_tiny_glass,
          kennysheep_mini, nicolae_shop_window_shopping, uniq_azrael
D:13:     layout_gridville, hellmonk_vaults_attempted_burglary,
          maelrawn_ghost_gauntlet_escape, uniq_urug
D:14:     layout_roguey, gauntlet_entry_generic, minmay_misc_feat_five,
          serial_shops, bzr_entry_customers, minivault_19, uniq_nessos
D:15:     grunt_enter_depths_hoard, layout_cave_pods,
          chequers_serial_rivers_small_a, uniq_jorgrun
Temple:   hellmonk_temple_divided_pantheon
Lair:1:   layout_loops_ring, grunt_megastairs_4
Lair:2:   layout_hall_layers, minmay_shoals_entry_hut, grunt_megastairs_5,
          infiniplex_staircase_pool, uniq_gastronok
Lair:3:   layout_roguey, minmay_snake_entry_six_corridors,
          serial_bayou_crossing, infiniplex_staircase_pool_2
Lair:4:   layout_cave_shapes, chequers_serial_rivers_small_3, uniq_sonja
Lair:5:   grunt_lair_end_beastmaster, layout_gridlike, slime_entry_1,
          nzn_ghost_randoct, lemuel_fruit_fields
Shoals:1: layout_shoals, serial_shops, nicolae_lakefront_shop
Shoals:2: layout_shoals, serial_shops, shop, nicolae_shoals_wave_tunnel
Shoals:3: layout_shoals
Shoals:4: shoals_end_grunt_ice, layout_shoals, serial_shops,
          nicolae_shop_tiny_real_fake_doors, nicolae_shop_hallway_stairs, shop,
          shop, nicolae_shop_gaudy_bauble
Snake:1:  layout_layer_cave, basic_altar, uniq_aizul
Snake:2:  layout_chambers, minmay_shoptagon
Snake:3:  layout_onion_interference, nicolae_snake_storage_room,
          nicolae_triple_integral, minmay_shop_grove, serial_bayou_shore_a
Snake:4:  snake_pit, layout_layer_cave, minmay_shop_star
Orc:1:    layout_diamond_mine, uniq_josephine, uniq_nergalle
Orc:2:    st_orc_congregation, layout_diamond_mine, uniq_donald
Elf:1:    eino_elf_arrival_the_gate, layout_onion_city, serial_shops,
          nicolae_shop_stone, shop, nicolae_shop_peninsula, shop,
          nicolae_shop_crystal, kennysheep_underground_church
Elf:2:    elven_hall_of_blades_hangedman_original
          [infiniplex_blade_entry_pillars], layout_onion_city

Skill      XL: |  1  2  3  4  5  6  7  8  9 10 11 12 13 14 15 16 17 18 19 |
---------------+----------------------------------------------------------+-----
Unarmed Combat | 4 5 6 8 9 11 12 13 14 15 17 18 19 20 | 20.1
Stealth        | 1 2 3 4 5 6 7 8 9 |  9.0
Shields        | 1 2 3 4 5 6 7 8 9 11 13 15 16 17 | 17.1
Shapeshifting  | 4 5 6 7 8 9 10 11 12 14 15 16 | 16.2
Throwing       | 1 3 4 5 7 9 10 11 12 | 12.1
Dodging        | 3 4 5 6 7 8 9 10 11 | 11.2
Fighting       | 2 3 4 |  4.1
Evocations     | 1 2 3 4 |  4.0
Spellcasting   | 1 |  1.7
Conjurations   | 1 |  1.2
Translocations | |  0.2
Alchemy        | |  0.3

Action                     |  1- 3 |  4- 6 |  7- 9 | 10-12 | 13-15 | 16-18 | 19-21 || total
---------------------------+-------+-------+-------+-------+-------+-------+-------++-------
  Melee: Unarmed           |    60 |    98 |   286 |   518 |   672 |   903 |   112 ||  2649
         Constrict         |    18 |    22 |    63 |    98 |    66 |   158 |    20 ||   445
         Tentacles         |     8 |    26 |    67 |   142 |   216 |   311 |    29 ||   799
         Punch             |     2 |     4 |    14 |    59 |    84 |   161 |    17 ||   341
         Maw               |       |       |       |       |   114 |   398 |    42 ||   554
  Throw: Dart              |     2 |     8 |    12 |    22 |       |     2 |       ||    46
         Boomerang         |       |       |    77 |   284 |   422 |   198 |   162 ||  1143
         Javelin           |       |       |       |       |       |     4 |    28 ||    32
   Cast: Sting             |       |       |     1 |       |    17 |     2 |       ||    20
         Apportation       |       |       |       |       |     8 |       |       ||     8
         Mephitic Cloud    |       |       |       |       |       |     1 |       ||     1
 Invoke: Call Merchant     |       |       |       |       |     1 |     3 |     1 ||     5
  Evoke: Wand              |       |     1 |    13 |    20 |    27 |     5 |     8 ||    74
         Phantom mirror    |       |       |       |     3 |     2 |       |       ||     5
         Phial of floods   |       |       |       |       |     1 |       |       ||     1
    Use: Scroll            |     4 |     1 |     6 |     8 |    15 |    10 |     1 ||    45
         Potion            |       |       |     1 |     7 |     2 |     5 |       ||    15
   Stab: Sleeping          |     3 |     7 |    17 |     3 |    21 |    41 |     1 ||    93
         Distracted        |       |       |       |     6 |     8 |    13 |     2 ||    29
         Invisible         |       |       |       |     6 |       |     1 |       ||     7
         Petrified         |       |       |       |       |     6 |       |       ||     6
         Petrifying        |       |       |       |       |     1 |       |       ||     1
 Armour: Skin              |    13 |    34 |    92 |   151 |   104 |   187 |    31 ||   612
  Dodge: Dodged            |    26 |    48 |   169 |   200 |   164 |   264 |    44 ||   915
  Block: Kite shield       |       |       |    79 |   218 |   351 |   440 |       ||  1088
         Reflection        |       |       |       |    11 |    21 |    98 |    44 ||   174
         Tower shield      |       |       |       |       |       |   428 |   132 ||   560
   Form: Maw               |       |       |       |       |     2 |       |       ||     2
